[Event "*** SCC Grand Prix: Titled Tuesday Blitz"]
[Site "Chess.com"]
[Date "2020.06.02"]
[Round "10"]
[White "cassoulet"]
[Black "Gajuchess"]
[Result "0-1"]
[WhiteElo "2618"]
[BlackElo "2764"]
[TimeControl "180+1"]
[EndTime "11:58:06 PDT"]
[Termination "Gajuchess won by checkmate"]

1. e4 c5 2. Nf3 e6 3. d4 cxd4 4. Nxd4 a6 5. Nc3 Qc7 6. Bd3 Nf6 7. O-O d6 8. Be3 Be7 9. f4 b5 10. Qf3 Bb7 11. Rae1 b4 12. Nd1 Nbd7 13. Nf2 g6 14.
Qh3 h5 15. e5 dxe5 16. Nxe6 fxe6 17. Bxg6+ Kd8 18. fxe5 Nd5 19. Qxe6 Nxe3 20. Rxe3 Qb6 21. Qh3 Qxg6 22. Rd3 Qxg2+ 23. Qxg2 Bxg2 24. Kxg2 Kc7 25. Rfd1 Rhg8+ 26. Kh1 Rad8 27. e6 Nc5 28. Rd5 Nxe6 29. Rxh5 Rxd1+ 30. Nxd1 Bc5 31. h4 Rd8 32. Ne3 Bxe3 33. Re5 Rd1+ 34. Kg2 Nf4+ 35. Kf3 Bc1 36. c3 bxc3 37. bxc3 Rd3+ 38. Kg4 Rxc3 39. Ra5 Kb6 40. Ra4 Nd5 41. h5 Rc4+ 42. Rxc4 Ne3+ 43. Kf3 Nxc4 44. Ke4 Kc5 45. Kd3 Kb4 46. Kc2 Bh6 47. Kb1 Na3+ 48. Kb2 a5 49. Ka1 Bg7# 0-1

[Event "*** SCC Grand Prix: Titled Tuesday Blitz"]
[Site "Chess.com"]
[Date "2020.06.02"]
[Round "10"]
[White "JosefineHeinemann"]
[Black "MIJUAREZ"]
[Result "0-1"]
[WhiteElo "2564"]
[BlackElo "2402"]
[TimeControl "180+1"]
[EndTime "11:58:06 PDT"]
[Termination "MIJUAREZ won by resignation"]

1. e4 e6 2. d4 d5 3. Nd2 c5 4.
exd5 exd5 5. Ngf3 Nc6 6. Bb5 Bd6 7.
O-O Ne7 8. dxc5 Bxc5 9. Nb3 Bb6 10. Re1 O-O 11. c3 Bg4 12. Be2 Qd6 13. h3 Bxh3 14. gxh3 Qg3+ 15. Kh1 Bxf2 16. Rg1 Qxh3+ 17. Nh2 Bxg1 18.
Qxg1 Nf5 19. Bf4 Rfe8 20. Bg4 Qd3 21. Nc5 Qc4 22. Rf1 d4 23. Bxf5 Qxc5 24. Bh6 Qd5+ 25. Nf3 g6 26. Bg4 Re4 27. Qg2 Rae8 28. Ng5 R4e5 29.
Qxd5 Rxd5 30. Nxf7 d3 31. Bd1 Ne5 32. Nxe5 Rdxe5 33. Bb3+ Kh8 34. Rf7 Rh5+ 35. Kg2 Rxh6 36. Rxb7 Rd8 37.
Rxa7 d2 38. Bd1 Rh4 39. Re7 Rf4 40. b3 Rf6 41. c4 Ra6 42. a4 Ra5 43. Kf2 Rg5 44.
Ke2 Rg2+ 45. Ke3 Rg1 46. Ke2 Re1+ 0-1

[Event "*** SCC Grand Prix: Titled Tuesday Blitz"]
[Site "Chess.com"]
[Date "2020.06.02"]
[Round "10"]
[White "Nara_Kh"]
[Black "beto-betun"]
[Result "1-0"]
[WhiteElo "2310"]
[BlackElo "2161"]
[TimeControl "180+1"]
[EndTime "11:58:06 PDT"]
[Termination "Nara_Kh won on time"]

1. e4 c5 2. Nf3 d6 3. Bb5+ Nd7 4. O-O a6 5. Bd3 Ngf6 6. Re1 e5 7. c3 Be7 8. a4 O-O 9. Bc2 b6 10. d4 Bb7 11.
Nbd2 Rc8 12. h3 Nh5 13. Nf1 Nf4 14. d5 Ng6 15. c4 Rc7 16. g3 Nf6 17. h4 Qd7 18. Kg2 Bc8 19. Ne3 Qh3+ 20. Kg1 Ng4 21. Nf5 Bxf5 22. exf5 Nxh4 23. gxh4 Bxh4 24. Be3 g6 25.
Nxh4 Qh2+ 26. Kf1 Qxh4 27. Qf3 Nh2+ 28. Ke2 Nxf3 29. Kxf3 gxf5 30. Rg1+ Kh8 31. Bxf5 Qf6 32. Ke4 Rg8 33. Rxg8+ Kxg8 34. Rg1+ Kf8 35. Bg5 Qg6 36. Bxg6 fxg6 37. Bd8 Rf7 38. Bxb6 Rxf2 39. Bc7 Ke7 40.
Rh1 h5 41. Rg1 Rf4+ 42. Kd3 Rd4+ 43. Kc3 Rg4 44. Rxg4 hxg4 45. Kd3 Kf6 46. Ke4 g3 47. Bd8+ 1-0

[Event "*** SCC Grand Prix: Titled Tuesday Blitz"]
[Site "Chess.com"]
[Date "2020.06.02"]
[Round "10"]
[White "Yoshikrov"]
[Black "zala02"]
[Result "0-1"]
[WhiteElo "2044"]
[BlackElo "2222"]
[TimeControl "180+1"]
[EndTime "11:58:06 PDT"]
[Termination "zala02 won by checkmate"]

1. e4 c5 2. Nf3 Nc6 3. d4 cxd4 4. Nxd4 Nf6 5. Nc3 e5 6. Ndb5 d6 7. Bg5 a6 8. Na3 b5 9. Nd5 Be7 10. Bxf6 Bxf6 11. c4 b4 12. Nc2 Rb8 13. b3 Bg5 14. g3 O-O 15. Bg2 g6 16. O-O Bh6 17. Qe2 f5 18. Rad1 a5 19. Rd3 Be6 20. Rfd1 Rf7 21.
exf5 gxf5 22. c5 e4 23. Bxe4 fxe4 24. Qxe4 Bf5 25. Qe2 Bxd3 26. Qxd3 Ne5 27. Qe4 Nf3+ 28. Kg2 Ng5 29. Qc4 Rc8 30. Re1 Rxc5 31. Qd3 Qd7 32. Nce3 Qh3+ 33. Kh1 Rxf2 34. Ne7+ Kf8 35. Ng6+ hxg6 36.
Qxd6+ Kg8 37. Qxg6+ Bg7 38. Qe8+ Kh7 39. Nf1 Qg2# 0-1

[Event "*** SCC Grand Prix: Titled Tuesday Blitz"]
[Site "Chess.com"]
[Date "2020.06.02"]
[Round "10"]
[White "LiemLe"]
[Black "albi1999"]
[Result "1-0"]
[WhiteElo "2890"]
[BlackElo "2647"]
[TimeControl "180+1"]
[EndTime "11:58:07 PDT"]
[Termination "LiemLe won by resignation"]

1. e4 e5 2. Nf3 Nc6 3. Bb5 a6 4. Ba4 Nf6 5. O-O Be7 6. Re1 b5 7. Bb3 O-O 8. a4 b4 9. d4 d6 10. dxe5 Nxe5 11. Nbd2 Nfd7 12. Nd4 Bb7 13. f4 Ng6 14.
N2f3 Bf6 15. Bd5 Qc8 16. Nc6 Nb6 17. Nxb4 a5 18. Bxb7 Qxb7 19. Nd3 Rfe8 20. e5 dxe5 21. fxe5 Be7 22. b3 Nd5 23. Qe2 Rad8 24. Bd2 Qb6+ 25. Kh1 Nb4 26. Nxb4 Bxb4 27. Rad1 h6 28. h3 Nf8 29.
Bxb4 Qxb4 30. Qe3 Ne6 31. Kh2 c5 32. Rd6 Rxd6 33. exd6 c4 34. Rd1 Rd8 35. d7 cxb3 36. cxb3 Kf8 37. Ne5 Qc5 38. Qxc5+ Nxc5 39. Rd5 f6 40. Nc6 Rxd7 41. Rxc5 Rc7 42. Rc4 1-0

[Event "*** SCC Grand Prix: Titled Tuesday Blitz"]
[Site "Chess.com"]
[Date "2020.06.02"]
[Round "10"]
[White "DivyaDeshmukh23"]
[Black "Ave_Mariia"]
[Result "0-1"]
[WhiteElo "2462"]
[BlackElo "2332"]
[TimeControl "180+1"]
[EndTime "11:58:07 PDT"]
[Termination "Ave_Mariia won by resignation"]

1. e4 c5 2. Nf3 d6 3. d4 cxd4 4. Nxd4 Nf6 5. Nc3 g6 6. Be3 Bg7 7. f3 O-O 8. Bc4 Nc6 9. Qd2 Bd7 10. h4 Rc8 11. Bb3 h5 12. O-O-O Ne5 13. Bh6 Nc4 14. Bxc4 Rxc4 15. Bxg7 Kxg7 16. Nd5 e5 17. Nb3 Nxd5 18. Qxd5 Rc6 19. Kb1 Be6 20. Qd2 f6 21. g4 hxg4 22. h5 g5 23. Rdg1 gxf3 24. Rg3 d5 25. h6+ Kh7 26.
Rxf3 dxe4 27. Qxd8 Rxd8 28. Rxf6 e3 29. Rff1 e2 30. Re1 Bg4 31. c3 Rd1+ 32. Nc1 Rcd6 33. b3 Rxe1 34. Rxe1 Rd1 0-1

[Event "*** SCC Grand Prix: Titled Tuesday Blitz"]
[Site "Chess.com"]
[Date "2020.06.02"]
[Round "10"]
[White "superchess02"]
[Black "Sanan_Sjugirov"]
[Result "0-1"]
[WhiteElo "2709"]
[BlackElo "2897"]
[TimeControl "180+1"]
[EndTime "11:58:08 PDT"]
[Termination "Sanan_Sjugirov won by resignation"]

1. e4 c5 2. Nf3 d6 3. d4 cxd4 4. Nxd4 Nf6 5. Nc3 g6 6. Be3 Nc6 7. f3 h5 8. Qd2 Nxd4 9. Bxd4 Bh6 10. Be3 Bxe3 11. Qxe3 a6 12. O-O-O Qa5 13. Kb1 Be6 14. Qd4 Rc8 15. a3 O-O 16. h4 Qc5 17. Qxc5 Rxc5 18. Rd4 Rfc8 19. Be2 Nd7 20. Rhd1 Ne5 21. R1d2 Nc6 22.
R4d3 Ne5 23. Rd4 Kg7 24. Nd5 Bxd5 25. exd5 b5 26. f4 Nd7 27. Bf3 Nb6 28. Re2 R8c7 29. g3 Kf6 30. c3 Rc4 31. Rd1 a5 32. Re3 R4c5 33. Rd4 Rc4 34. Rxc4 Rxc4 35. b4 axb4 36.
axb4 Rc7 37. Kc2 Ra7 38. Re2 Ra3 39. Kd3 Ra1 40. Ke3 Nc4+ 41. Kf2 Rc1 42. Ra2 Rxc3 43.
Be2 Rb3 44. Ra7 Rxb4 45. Rb7 Rb2 46. Kf3 Na3 47. f5 gxf5 48. Bd1 b4 49. Ke3 Nc4+ 0-1

[Event "*** SCC Grand Prix: Titled Tuesday Blitz"]
[Site "Chess.com"]
[Date "2020.06.02"]
[Round "10"]
[White "ural58"]
[Black "DishonorOnYourCow"]
[Result "1-0"]
[WhiteElo "2443"]
[BlackElo "2295"]
[TimeControl "180+1"]
[EndTime "11:58:10 PDT"]
[Termination "ural58 won by resignation"]

1. e4 e5 2. f4 Nc6 3. Nf3 Bc5 4. Nxe5 Nxe5 5. d4 Bb6 6. dxe5 d6 7. Nc3 dxe5 8. Qxd8+ Kxd8 9. fxe5 Ne7 10. Bg5 h6 11. O-O-O+ Ke8 12. Bxe7 Kxe7 13. Nd5+ Ke6 14. Bc4 Kxe5 15.
Nxb6 axb6 16. Bxf7 Be6 17. Bxe6 Kxe6 18. a3 Rhf8 19. Rhf1 Rae8 20. Kd2 Ke5 21. Ke3 Rxf1 22. Rxf1 Re7 23. Rf5+ Ke6 24. h4 Rd7 25. Rf1 b5 26. h5 c6 27. g4 Ke5 28. Rf5+ Ke6 29. Rf1 Ke5 30. c3 c5 31. Rf5+ Ke6 32. Rxc5 Rd1 33. Rxb5 Rg1 34. Rb6+ Ke5 35. Rg6 Re1+ 36. Kd2 Rxe4 37. Rxg7 Rf4 38. Kd3 Rf3+ 39. Kc4 Rf2 40. b4 b6 41. Rg6 Rf4+ 42. Kb3 Rf3 43. Rxb6 Rg3 44. Rxh6 Rxg4 45. a4 Rf4 46. a5 Rf1 47. a6 Rb1+ 48. Kc4 Ra1 49. Kb5 Ra3 50. c4 Kd4 51. Rd6+ 1-0

[Event "*** SCC Grand Prix: Titled Tuesday Blitz"]
[Site "Chess.com"]
[Date "2020.06.02"]
[Round "10"]
[White "VladimirBelous"]
[Black "Grischuk"]
[Result "0-1"]
[WhiteElo "2767"]
[BlackElo "3094"]
[TimeControl "180+1"]
[EndTime "11:58:11 PDT"]
[Termination "Grischuk won by resignation"]

1. c4 g6 2. Nf3 Bg7 3. d4 Nf6 4. Nc3 d6 5. e4 O-O 6. Be2 e5 7. d5 a5 8. Bg5 h6 9. Bh4 Na6 10. O-O Nc5 11. Nd2 Bd7 12. b3 Nfxe4 13. Bxd8 Nxc3 14. Qe1 Raxd8 15. Rc1 e4 16. a3 Rde8 17.
Rxc3 Bxc3 18. Qc1 Bg7 19. b4 Na4 20. Nb1 b6 21. Re1 f5 22. g3 Re7 23. Bd1 Nb2 24.
Be2 Na4 25. Bd1 axb4 26. axb4 g5 27. Bxa4 Bxa4 28. b5 Rfe8 29. Nd2 e3 30. Rxe3 Rxe3 31. fxe3 Rxe3 32. Kg2 g4 33. Nf1 Re2+ 34. Kh1 Bc2 35. Nd2 Bd3 36. Qd1 Bd4 37. Nf3 gxf3 0-1

[Event "*** SCC Grand Prix: Titled Tuesday Blitz"]
[Site "Chess.com"]
[Date "2020.06.02"]
[Round "10"]
[White "DanielDardha2005"]
[Black "umngqusho"]
[Result "1-0"]
[WhiteElo "2678"]
[BlackElo "2506"]
[TimeControl "180+1"]
[EndTime "11:58:11 PDT"]
[Termination "DanielDardha2005 won by resignation"]

1. Nf3 Nf6 2. c4 g6 3. Nc3 Bg7 4. e4 d6 5. d4 O-O 6. Be2 e5 7. d5 Nbd7 8. Bg5 h6 9. Be3 Ng4 10. Bd2 f5 11. exf5 gxf5 12. h3 Ngf6 13. Qc1 f4 14. g3 Nc5 15. gxf4 e4 16. Nh4 Nxd5 17.
Nxd5 Qxh4 18. Bc3 c6 19. Bxg7 Kxg7 20. Rg1+ Kh7 21. Nc7 Rxf4 22. Qe3 Rb8 23. Ne8 Bg4 24. hxg4 Rxe8 25. Qxf4 Nd3+ 26. Bxd3 exd3+ 27. Kd2 Re2+ 28. Kxd3 Rxf2 29. Qe4+ Kg7 30. Rae1 Rxb2 31. Qe7+ Qxe7 32. Rxe7+ Kf6 33. Rh7 Kg6 34. Kc3 Rxa2 35. Rxb7 a5 36. Rb2 Ra3+ 37. Kc2 Kg5 38. Rb6 Ra2+ 39. Kb3 Rd2 40.
Rxc6 Kf4 41. c5 dxc5 42. Rxc5 Rd3+ 43. Kc4 Ra3 44. Rf5+ Ke4 45. Re1+ Re3 46. Rxe3+ Kxe3 47. Rxa5 1-0

[Event "*** SCC Grand Prix: Titled Tuesday Blitz"]
[Site "Chess.com"]
[Date "2020.06.02"]
[Round "10"]
[White "djano"]
[Black "MNyuyu"]
[Result "1-0"]
[WhiteElo "2413"]
[BlackElo "2266"]
[TimeControl "180+1"]
[EndTime "11:58:11 PDT"]
[Termination "djano won on time"]

1. d4 d5 2. Nf3 Nf6 3. Bf4 Bf5 4.
e3 e6 5. c4 c6 6. Qb3 Qb6 7.
c5 Qxb3 8. axb3 Nbd7 9. b4 a6 10. Nc3 Rc8 11. h3 Be7 12. Nd2 Bd8 13. Nb3 O-O 14.
Na5 Bxa5 15. bxa5 Ne4 16. f3 Nef6 17. Kd2 Ne8 18. g4 Bg6 19. h4 f6 20. h5 Bf7 21.
Bd3 e5 22. Bh2 Nc7 23. Rag1 h6 24. f4 exf4 25. exf4 Ne6 26. Ne2 Rfe8 27. Bg3 Re7 28. Bh4 Rce8 29. Rh2 Kf8 30. Rhg2 Kg8 31. Bf5 Nef8 32.
Nc3 Ne6 33. Bxe6 Rxe6 34. g5 Bxh5 35. gxf6 Nxf6 36. Rxg7+ Kh8 37. Rxb7 Rg8 38. f5 Rxg1 39. fxe6 Ng8 40. e7 Rg4 41. Bf2 Rf4 42. Bg3 Rg4 43. Be5+ 1-0

[Event "*** SCC Grand Prix: Titled Tuesday Blitz"]
[Site "Chess.com"]
[Date "2020.06.02"]
[Round "10"]
[White "Efremov_Vlad"]
[Black "IriBu"]
[Result "0-1"]
[WhiteElo "2164"]
[BlackElo "2472"]
[TimeControl "180+1"]
[EndTime "11:58:11 PDT"]
[Termination "IriBu won by checkmate"]

1. c4 Nf6 2. d4 g6 3. Nf3 Bg7 4. g3 d6 5. Bg2 O-O 6. O-O Ne4 7.
Nc3 Nxc3 8. bxc3 c5 9. Qd3 Nc6 10. Be3 Qa5 11. Rfb1 Bf5 12. Qd2 Bxb1 13. Rxb1 Rab8 14.
Rb5 Qa4 15. Qd3 Qxa2 16. h4 h5 17. Nd2 cxd4 18. cxd4 Qa1+ 19. Rb1 Qa6 20. Bd5 e6 21. Be4 d5 22. Bxg6 fxg6 23. Qxg6 Ne7 24. Qxh5 Nf5 25. Bf4 Rbc8 26. Qg6 dxc4 27. Be5 Rf7 28. h5 c3 29. Ne4 c2 30. Rc1 Qa3 31. Qg5 Kh8 32. Nf6 Rcf8 33. Rxc2 Bxf6 34. Bxf6+ Rxf6 35. Rc8 Qe7 36. Rxf8+ Qxf8 37. e4 Nxd4 38. Qe5 Nc6 39. Qb2 e5 40. Qxb7 Rxf2 41. Qxc6 Rf1+ 42. Kg2 Qf3+ 43. Kh3 Rh1# 0-1

[Event "*** SCC Grand Prix: Titled Tuesday Blitz"]
[Site "Chess.com"]
[Date "2020.06.02"]
[Round "10"]
[White "KerryStead"]
[Black "hongnhung1234"]
[Result "1/2-1/2"]
[WhiteElo "2095"]
[BlackElo "2187"]
[TimeControl "180+1"]
[EndTime "11:58:11 PDT"]
[Termination "Game drawn by repetition"]

1. d4 f5 2. e4 fxe4 3. f3 Nf6 4. Bg5 d5 5. Nc3 Nc6 6. Bb5 a6 7. Bxc6+ bxc6 8. Bxf6 exf6 9. fxe4 Bb4 10. Qd3 Bg4 11. h3 Bh5 12. Ne2 O-O 13. O-O Bg6 14. Qe3 dxe4 15. Nxe4 Re8 16. Qb3+ Bf7 17. Qxb4 Rxe4 18.
Rf2 Rb8 19. Qc3 Qe7 20. Ng3 Re6 21. Nf5 Qd7 22. Qg3 Bg6 23. c3 Bxf5 24. Rxf5 Re2 25.
Rf2 Rbxb2 26. Rxe2 Rxe2 27. Qd3 Qe6 28. Qxa6 Qe3+ 29.
Kh1 Qe4 30. Qc8+ Kf7 31. Qxc7+ Kg6 32. Qg3+ Kh6 33. a4 Re3 34. Qf2 Rxh3+ 35. Kg1 Rxc3 36.
Re1 Qc2 37. Qh4+ Kg6 38. Qg4+ Kf7 39. Qd7+ Kg6 40. Qg4+ Kf7 41. Qe6+ Kg6 42. Qg4+ 1/2-1/2

[Event "*** SCC Grand Prix: Titled Tuesday Blitz"]
[Site "Chess.com"]
[Date "2020.06.02"]
[Round "10"]
[White "Supernotar"]
[Black "MPGM"]
[Result "1-0"]
[WhiteElo "2704"]
[BlackElo "2538"]
[TimeControl "180+1"]
[EndTime "11:58:12 PDT"]
[Termination "Supernotar won on time"]

1. d4 d5 2. c4 e6 3. Nf3 a6 4. e3 Nf6 5. Nbd2 b6 6. Bd3 Bb7 7. O-O Bd6 8. b3 O-O 9. Bb2 Nbd7 10.
Qe2 Qe7 11. Rad1 Ne4 12. Ne5 f5 13. f3 Nxd2 14. Rxd2 Nxe5 15. dxe5 Bb4 16. Rdd1 dxc4 17. Bxc4 b5 18. Bd3 Bc5 19. Kh1 Bb6 20. a4 bxa4 21. bxa4 Rfd8 22. Bc4 Kh8 23. h3 a5 24. Bb5 Bd5 25.
Bd4 Bb3 26. Rd2 Bxd4 27. exd4 Rab8 28. Rc1 Bd5 29. Rc5 c6 30. Bxc6 Rb1+ 31. Kh2 Bxc6 32. Rxc6 Qg5 33. Rxe6 h5 34. Qf2 f4 35. h4 Qf5 36. d5 Rc8 37. Rc6 Rcb8 38. Rdc2 Kh7 39.
Rc1 1-0

[Event "*** SCC Grand Prix: Titled Tuesday Blitz"]
[Site "Chess.com"]
[Date "2020.06.02"]
[Round "10"]
[White "yamalchess"]
[Black "stanyga"]
[Result "0-1"]
[WhiteElo "2462"]
[BlackElo "2651"]
[TimeControl "180+1"]
[EndTime "11:58:12 PDT"]
[Termination "stanyga won on time"]

1. d4 d5 2. c4 c6 3. Nc3 Nf6 4. Bf4 dxc4 5. e3 b5 6. a4 b4 7. Nb1 c5 8. Bxc4 Bb7 9. Nf3 cxd4 10. Bxb8 Bxf3 11. Bb5+ Nd7 12. gxf3 Rxb8 13. Qxd4 Qc7 14.
Nd2 e5 15. Bxd7+ Ke7 16. Qe4 Kxd7 17. Rd1 Ke6 18. Nc4 f5 19. Qd5+ Kf6 20. f4 exf4 21. Qd4+ Ke6 22. exf4 Bc5 23. Qd5+ Kf6 24. O-O Rbd8 25.
Qg2 Bxf2+ 26. Kh1 Qxc4 27. Qg5+ Ke6 28. Kg2 Rxd1 29. Rxd1 Be3 30. Qxg7 Qe4+ 0-1

[Event "*** SCC Grand Prix: Titled Tuesday Blitz"]
[Site "Chess.com"]
[Date "2020.06.02"]
[Round "10"]
[White "GMJustin"]
[Black "kingmonkey2006"]
[Result "1/2-1/2"]
[WhiteElo "2308"]
[BlackElo "2505"]
[TimeControl "180+1"]
[EndTime "11:58:12 PDT"]
[Termination "Game drawn by repetition"]

1. d4 Nf6 2. c4 e6 3. Nc3 Bb4 4.
e3 O-O 5. Bd3 d5 6. cxd5 exd5 7.
Ne2 c6 8. O-O a5 9. f3 Re8 10. Bd2 c5 11. a3 Bxc3 12. bxc3 Nc6 13. Ng3 b6 14. Nf5 Ba6 15. Bxa6 Rxa6 16. g4 Ne7 17. Ng3 Ng6 18. g5 Nd7 19. e4 cxd4 20. cxd4 dxe4 21. fxe4 Ndf8 22. d5 Nd7 23. Qf3 Nde5 24.
Qf5 b5 25. Bc3 Qb6+ 26. Kh1 Qe3 27. Rac1 Raa8 28. Nh5 Kh8 29. Bxe5 Nxe5 30. Rc7 Qe2 31. Nxg7 Kxg7 32. Rxf7+ Nxf7 33. Qxf7+ Kh8 34. Qf6+ Kg8 35. Qf7+ Kh8 36. Qf6+ Kg8 37. Qf7+ Kh8 1/2-1/2

[Event "*** SCC Grand Prix: Titled Tuesday Blitz"]
[Site "Chess.com"]
[Date "2020.06.02"]
[Round "10"]
[White "gui_borba"]
[Black "Ranindu2003"]
[Result "1-0"]
[WhiteElo "2338"]
[BlackElo "2467"]
[TimeControl "180+1"]
[EndTime "11:58:12 PDT"]
[Termination "gui_borba won by checkmate"]

1. d4 d5 2. Bf4 Nf6 3. e3 e6 4.
Nf3 c5 5. c3 Nc6 6. Nbd2 cxd4 7. exd4 Nh5 8. Be3 Bd6 9. Be2 Nf4 10. Bxf4 Bxf4 11. O-O O-O 12. Bd3 g6 13. Re1 Bd7 14.
Ne5 Nxe5 15. dxe5 f6 16. Nf3 Qc7 17. Qe2 Rae8 18. g3 Bxe5 19. Nxe5 fxe5 20. Qxe5 Qb6 21.
Re2 Rf7 22. Qd4 Qc7 23. Rae1 a6 24. Re5 Ref8 25. R1e2 b5 26. h4 Qd8 27. h5 g5 28.
h6 Qf6 29. Qg4 Qxh6 30. Rxg5+ Kh8 31. Rh5 Qc1+ 32. Kg2 e5 33. Qh4 e4 34. Bc2 Rxf2+ 35. Rxf2 Rxf2+ 36. Kxf2 Qxc2+ 37. Ke3 Qd3+ 38. Kf4 Qf3+ 39.
Ke5 Qf7 40. Qf6+ Qxf6+ 41. Kxf6 Bc6 42. Re5 Kg8 43. Re6 Bb7 44. Re8# 1-0

[Event "*** SCC Grand Prix: Titled Tuesday Blitz"]
[Site "Chess.com"]
[Date "2020.06.02"]
[Round "10"]
[White "Gromes7"]
[Black "nonsopolo1"]
[Result "0-1"]
[WhiteElo "2045"]
[BlackElo "2245"]
[TimeControl "180+1"]
[EndTime "11:58:12 PDT"]
[Termination "nonsopolo1 won by resignation"]

1. d4 Nf6 2. g3 g6 3. Bg2 Bg7 4. Nf3 O-O 5. O-O d6 6. c4 c6 7. Nc3 Nbd7 8. h3 e5 9. Be3 a5 10. Rc1 Qe7 11. b3 Re8 12. d5 c5 13. Nb5 Nf8 14. Nd2 h6 15. Nb1 N6h7 16. Qd2 g5 17. g4 f5 18. gxf5 Bxf5 19. N1c3 Ng6 20. Ne4 Rad8 21. Kh2 Nf4 22. Bxf4 exf4 23. Nec3 Be5 24.
f3 Nf6 25. Kg1 h5 26. Kf2 g4 27. hxg4 hxg4 28. Rh1 Rd7 29. Rcg1 Qf8 30. Ke1 Rg7 31. fxg4 Bxg4 32. Kd1 Ree7 33. Bf3 Rg6 34. Rh4 Reg7 35. Bxg4 Nxg4 36. Ne4 Ne3+ 37. Qxe3 fxe3 38. Rgh1 Rg1+ 39. Kc2 Rxh1 40. Rxh1 Qf5 41. Kd3 Rg4 42. Nc3 Bxc3 43. Kxc3 Qxe4 0-1

[Event "*** SCC Grand Prix: Titled Tuesday Blitz"]
[Site "Chess.com"]
[Date "2020.06.02"]
[Round "10"]
[White "Juanovic"]
[Black "Zmeeed63"]
[Result "1-0"]
[WhiteElo "2119"]
[BlackElo "2190"]
[TimeControl "180+1"]
[EndTime "11:58:12 PDT"]
[Termination "Juanovic won by checkmate"]

1. e4 Nc6 2. d4 d5 3. e5 Bf5 4. c3 e6 5. Nf3 Nge7 6. Be2 f6 7. Nh4 Qd7 8. Nxf5 Nxf5 9. exf6 gxf6 10. Bh5+ Kd8 11.
O-O Rg8 12. Nd2 Qg7 13. g3 Bd6 14. Nb3 Kd7 15. Nc5+ Bxc5 16. dxc5 Ne5 17. Bf4 c6 18. Re1 Ng6 19. Be3 Nxe3 20. Rxe3 Qh6 21. Kh1 Nf8 22. c4 Rg5 23. Bf3 Rxg3 24. cxd5 cxd5 25. Bxd5 Rxe3 26. Bxb7+ Kc7 27. Bxa8 Rh3 28. Qd6+ Kc8 29. Qc6+ Kd8 30. Rd1+ Ke7 31. Qc7+ Nd7 32. Rxd7+ Kf8 33. Rd8# 1-0

[Event "*** SCC Grand Prix: Titled Tuesday Blitz"]
[Site "Chess.com"]
[Date "2020.06.02"]
[Round "10"]
[White "Gabrielian_Artur"]
[Black "novendrapriasmoro"]
[Result "0-1"]
[WhiteElo "2733"]
[BlackElo "2641"]
[TimeControl "180+1"]
[EndTime "11:58:13 PDT"]
[Termination "novendrapriasmoro won by resignation"]

1. e4 c5 2. Nc3 Nc6 3. Bb5 g6 4. Bxc6 bxc6 5. d3 Bg7 6. Nge2 Nh6 7. O-O f6 8. Be3 d6 9. h3 O-O 10. Qd2 Nf7 11. f4 f5 12. e5 dxe5 13. fxe5 Nxe5 14. Bxc5 Nd7 15. Be3 e5 16. Rae1 Bb7 17. Bh6 c5 18. Bxg7 Kxg7 19. Ng3 Qh4 20. Qf2 Qg5 21. Kh2 Rae8 22.
Nb5 Rf6 23. c4 h5 24. Nc7 Ref8 25. Nd5 Bxd5 26. cxd5 h4 27. Ne2 Rd6 28. Nc3 Rb8 29. b3 a6 30. Re2 Rb4 31. Rfe1 Rf4 32. Qe3 Qf6 33. Rf2 g5 34. Rxf4 gxf4 35. Qf2 Qg5 36.
Kg1 Qg3 37. Qe2 Rg6 38. Kh1 f3 39. Qd2 f2 0-1

[Event "*** SCC Grand Prix: Titled Tuesday Blitz"]
[Site "Chess.com"]
[Date "2020.06.02"]
[Round "10"]
[White "CalinGheorghiu"]
[Black "Moon_stone123"]
[Result "1-0"]
[WhiteElo "2334"]
[BlackElo "2466"]
[TimeControl "180+1"]
[EndTime "11:58:13 PDT"]
[Termination "CalinGheorghiu won by checkmate"]

1. e4 c5 2. Nf3 d6 3. d4 cxd4 4. Nxd4 Nf6 5. Nc3 g6 6. f3 Bg7 7. Be3 Nc6 8. Qd2 O-O 9. Bc4 Bd7 10. O-O-O Rc8 11. Bb3 Ne5 12. Kb1 Re8 13. h4 h5 14.
Bh6 Nc4 15. Bxc4 Rxc4 16. Bxg7 Kxg7 17. g4 hxg4 18. h5 Rh8 19. hxg6 fxg6 20. f4 Rxh1 21. Rxh1 Nh5 22. f5 Qe8 23. Nd5 e5 24. fxe6 Bxe6 25. Rxh5 gxh5 26. Qg5+ Kf7 27. Qf6+ Kg8 28. Nxe6 Qf7 29.
Ne7+ Qxe7 30. Qxe7 Rxe4 31. Qf8+ Kh7 32. Qg7# 1-0

[Event "*** SCC Grand Prix: Titled Tuesday Blitz"]
[Site "Chess.com"]
[Date "2020.06.02"]
[Round "10"]
[White "nitpicker"]
[Black "NZT72"]
[Result "1-0"]
[WhiteElo "2249"]
[BlackElo "2389"]
[TimeControl "180+1"]
[EndTime "11:58:13 PDT"]
[Termination "nitpicker won on time"]

1. d4 Nf6 2. c4 e6 3. g3 d5 4. Nf3 Be7 5. Bg2 O-O 6. O-O dxc4 7. Ne5 Nc6 8. Bxc6 bxc6 9. Nxc6 Qe8 10. Nxe7+ Qxe7 11. Qa4 e5 12. dxe5 Qxe5 13. Qxc4 Be6 14. Qd3 Bf5 15.
Qe3 Qb5 16. Nc3 Qb7 17. f3 Rfe8 18. Qf2 Be6 19. e4 Nd7 20. b3 Ne5 21. Be3 a6 22.
Na4 Bh3 23. Rfd1 f5 24. Nc5 Qc6 25. Rac1 Rf8 26. Nd7 Qg6 27. Nxe5 Qh5 28. exf5 Qxf5 29. Nd7 Rf7 30. f4 Bg4 31. Rc5 Bxd1 32. Rxf5 Rxf5 33.
Qd2 Bh5 34. Ne5 Bf7 35. Qd7 Rxe5 36. fxe5 1-0

[Event "*** SCC Grand Prix: Titled Tuesday Blitz"]
[Site "Chess.com"]
[Date "2020.06.02"]
[Round "10"]
[White "gmcorrales"]
[Black "RobertoJBM"]
[Result "1-0"]
[WhiteElo "2778"]
[BlackElo "2643"]
[TimeControl "180+1"]
[EndTime "11:58:15 PDT"]
[Termination "gmcorrales won on time"]

1. e4 c6 2. d4 d5 3. e5 Bf5 4.
h4 h6 5. g4 Bd7 6. h5 e6 7. f4 c5 8. c3 Qb6 9. Nf3 Nc6 10. Na3 cxd4 11. cxd4 Bxa3 12. bxa3 Na5 13. Kf2 Nc4 14. Bd3 Rc8 15. Rb1 Qc7 16. f5 Ne7 17.
f6 gxf6 18. exf6 Nc6 19. Re1 N6a5 20. Qe2 b6 21. Ne5 Nxe5 22. Qxe5 Qxe5 23. dxe5 Nb7 24.
Ba6 Rc7 25. Bxb7 Rxb7 26. Bd2 Ba4 27. Rbc1 Kd7 28. Re3 Bb5 29. Bb4 Bc4 30. Bd6 b5 31. Kg3 d4 32. Re4 d3 33. Rd4 Kc6 34. Rxd3 Rd7 35.
Rd4 a6 36. a4 Kb6 37. axb5 axb5 38. a4 Ra8 39. axb5 Bxb5 40. Rb4 Ra4 41. Rxa4 Bxa4 42.
Rc8 Rb7 43. g5 hxg5 44. h6 1-0

[Event "*** SCC Grand Prix: Titled Tuesday Blitz"]
[Site "Chess.com"]
[Date "2020.06.02"]
[Round "10"]
[White "olksuna"]
[Black "boasovietica"]
[Result "1-0"]
[WhiteElo "2584"]
[BlackElo "2439"]
[TimeControl "180+1"]
[EndTime "11:58:15 PDT"]
[Termination "olksuna won by checkmate"]

1. d4 Nf6 2. c4 g6 3. Nc3 Bg7 4. e4 O-O 5. Be2 d6 6. Bg5 c5 7. d5 h6 8. Bf4 e6 9. dxe6 Bxe6 10. Bxd6 Re8 11. e5 Nfd7 12. f4 Nc6 13. Nf3 Qb6 14. Qd2 Nd4 15. Nxd4 cxd4 16. Nb5 Rac8 17. Qxd4 Bxc4 18.
Qxb6 Nxb6 19. Nxa7 Ra8 20. Nb5 Rxa2 21. Rxa2 Bxa2 22. Kf2 g5 23. g3 f6 24. Nc7 Rc8 25. e6 Bf8 26. e7 Bxe7 27. Bxe7 Rxc7 28. Bxf6 gxf4 29. gxf4 Rc2 30. Re1 Nc4 31. Kg3 Nxb2 32. Bh5 Bf7 33. Bg4 Nd3 34. Ra1 Rd2 35. Ra8+ Kh7 36.
Bf5+ Bg6 37. Rh8# 1-0

[Event "*** SCC Grand Prix: Titled Tuesday Blitz"]
[Site "Chess.com"]
[Date "2020.06.02"]
[Round "10"]
[White "MarcoRiehle"]
[Black "Sam_ChessMood"]
[Result "0-1"]
[WhiteElo "2634"]
[BlackElo "2832"]
[TimeControl "180+1"]
[EndTime "11:58:16 PDT"]
[Termination "Sam_ChessMood won by resignation"]

1. e4 c5 2. a3 g6 3. h4 h5 4. Nc3 Bg7 5. Bc4 Nc6 6. d3 e6 7. Nf3 Nge7 8. Bg5 d6 9. Qd2 b6 10. O-O-O Bb7 11. Rhe1 Qd7 12. Ne2 Nd4 13. Nexd4 cxd4 14. e5 Bxf3 15. exd6 Nf5 16. gxf3 O-O 17. Be7 Bh6 18.
f4 Nxe7 19. dxe7 Qxe7 20. Kb1 Qf6 21. Re4 Rac8 22. Rg1 Kh7 23. Qe2 Rfe8 24. Qf3 Rc5 25. b4 Rf5 26. Qe2 Re7 27. f3 Bxf4 28. Rf1 e5 29.
Qg2 Rc7 30. Rfe1 Qxh4 31. R4e2 Be3 32. Bd5 Rg5 33. Qh2 Qxh2 34. Rxh2 Bf4 35. Rhe2 f5 36. c4 dxc3 37. Kc2 h4 38. d4 exd4 39. Re8 Rg2+ 40. Kb3 c2 41. Bg8+ Kh6 42. Bc4 Rxc4 43. Kxc4 c1=Q+ 44. Rxc1 Bxc1 45. Kxd4 Kg5 0-1